 Dungeon Crawl Stone Soup version 0.30-a0-297-g0ec75d9ef4 (webtiles) character file.

Game seed: 8399315620190084747

178 Bnni the Sneak (level 5, 0/25 HPs)
             Began as a Vine Stalker Enchanter on Oct 18, 2022.
             Slain by a gnoll
             ... wielding a +0 club
              (5 damage)
             ... on level 3 of the Dungeon.
             The game lasted 00:04:31 (2062 turns).

Bnni the Sneak (Vine Stalker Enchanter)             Turns: 2062, Time: 00:04:32

Health: 0/25       AC:  3    Str: 10    XL:     5   Next: 58%
Magic:  0/10       EV: 12    Int: 15    God:
Gold:   49         SH:  0    Dex: 17    Spells: 5/10 levels left

rFire   . . .      SeeInvis .    a - +1 dagger
rCold   . . .      Faith    .    (no shield)
rNeg    . . .      Spirit   +    b - +0 robe
rPois   .          Reflect  .    (no helmet)
rElec   .          Harm     .    (no cloak)
rCorr   .          Rampage  .    (no gloves)
Will    .....                    k - +0 pair of boots
Stlth   +++.......               (no amulet)
HPRegen 1.04/turn                e - ring of flight
MPRegen 0.12/turn                (no ring)

@: confusing by touch, flying
A: fangs 2, regeneration 1, magic shield, antimagic bite, no potion heal 2
a: no special abilities


You were on level 3 of the Dungeon.
You visited 1 branch of the dungeon, and saw 3 of its levels.

You collected 49 gold pieces.

Inventory:

Hand Weapons
 a - a +1 dagger (weapon)
Missiles
 j - 4 poisoned darts (quivered)
Armour
 b - a +0 robe (worn)
 k - a +0 pair of boots (worn)
Jewellery
 e - a ring of flight (left hand)
Scrolls
 d - a scroll of butterflies {unknown}
 g - a scroll of poison {unknown}
 h - a scroll of torment {unknown}
 i - a scroll of fear {unknown}
 l - a scroll of teleportation {unknown}
Potions
 c - a potion of invisibility
 f - a potion of curing {unknown}


   Skills:
 + Level 1.4 Fighting
 * Level 2.7 Short Blades
 - Level 1.5 Dodging
 + Level 4.5 Stealth
 - Level 3.0 Spellcasting
 * Level 3.8 Hexes


You had 5 spell levels left.
You knew the following spells:

 Your Spells              Type           Power      Damage    Failure   Level
a - Confusing Touch       Hex            13%        N/A       12%         3
c - Ensorcelled Hibernat  Hex/Ice        16%        N/A       14%         2

Your spell library contained the following spells:

 Spells                   Type           Power      Damage    Failure   Level
 Tukima's Dance           Hex            13%        N/A       12%         3
 Magic Dart               Conj           8%         1d3       21%         1
 Dazzling Flash           Conj/Hex       16%        N/A       26%         3
 Call Imp                 Summ           2%         N/A       30%         2
 Mephitic Cloud           Conj/Pois/Air  2%         N/A       52%         3


Dungeon Overview and Level Annotations

Branches:
Dungeon (3/15)

Altars:
Xom


Innate Abilities, Weirdness & Mutations

You have extremely sharp teeth.
Your natural rate of healing is unusually fast.
When hurt, damage is shared between your health and your magic reserves.
Your bite disrupts and absorbs the magic of your enemies.
Potions cannot restore your health.


Message History

The ball python misses you. The ball python closely misses you.
The ball python attacks as you move away!
The ball python closely misses you.
The ball python bites you but does no damage.
The ball python grabs you. The ball python constricts you.
You escape the ball python's grasp.
You hit the ball python.
You kill the ball python!
The gnoll barely misses you.
The gnoll hits you from afar with a +0 spear!
Casting: Ensorcelled Hibernation (safe; 14% risk of failure)
Confirm with . or Enter, or press ? or * to list all spells.
The spell is quite dangerous to miscast (12% risk of failure)!
Continue anyway?
Okay, then.
You hit the gnoll.
The gnoll is lightly wounded.
The gnoll hits you from afar with a +0 spear!
The gnoll closely misses you.
You closely miss the gnoll. You bite the gnoll, but do no damage.
The gnoll is lightly wounded.
The gnoll hits you from afar with a +0 spear. x2
The gnoll hits you with a +0 club!
Casting: Confusing Touch (quite dangerous; 12% risk of failure)
Confirm with . or Enter, or press ? or * to list all spells.
You don't know that spell.
Unknown command.
You hit the gnoll. You bite the gnoll. You drain its power.
You feel invigorated.
The gnoll is moderately wounded.
The gnoll hits you from afar with a +0 spear.
The gnoll barely misses you.
The gnoll hits you from afar with a +0 spear.
Casting: Confusing Touch (quite dangerous; 12% risk of failure)
Confirm with . or Enter, or press ? or * to list all spells.
The spell is quite dangerous to miscast (12% risk of failure)!
Continue anyway?
Your hands begin to glow red.
The gnoll hits you from afar with a +0 spear.
* * * LOW HITPOINT WARNING * * *
The gnoll misses you. The gnoll hits you with a +0 club.
You die...

#....†# #.....# ##.####
####### . #.######## #.....#
##.. #†.......# #.....# ...#
#........###.....###....#
#.........##............#
#.........##g.........###
###.........@ggg............
#......##.########.<....####
#.........# #......#
#......#### ########
#....).# #....>.# #......#
########


You could see 4 gnolls.

Vanquished Creatures
  A phantom (D:2)
  Terence (D:2)
  A gnoll (D:1)
  An adder (D:2)
  A worm (D:2)
  A dart slug (D:1)
  9 ball pythons
  6 bats
  5 endoplasms
  2 giant cockroaches
  4 hobgoblins
  7 jackals
  2 frilled lizards
  5 goblins
  4 kobolds (D:1)
  3 rats
53 creatures vanquished.

Notes
Turn   | Place    | Note
-------+----------+-------------------------------------------
     0 | D:1      | Bnni the Vine Stalker Enchanter began the quest for the
                  | Orb.
     0 | D:1      | Reached XP level 1. HP: 9/9 MP: 4/4
    20 | D:1      | Reached skill level 1 in Short Blades
   235 | D:1      | Reached XP level 2. HP: 6/14 MP: 6/6
   402 | D:1      | Learned a level 2 spell: Ensorcelled Hibernation
   603 | D:1      | Reached XP level 3. HP: 15/17 MP: 5/7
  1195 | D:2      | Reached skill level 4 in Stealth
  1222 | D:2      | Found a shimmering altar of Xom.
  1325 | D:2      | Noticed Terence
  1328 | D:2      | Killed Terence
  1329 | D:2      | Reached skill level 1 in Fighting
  1329 | D:2      | Gained mutation: Your natural rate of healing is unusually
                  | fast. [Vine Stalker growth]
  1329 | D:2      | Reached XP level 4. HP: 22/22 MP: 9/9
  1427 | D:2      | Noticed a phantom
  1462 | D:2      | Killed a phantom
  1463 | D:2      | Reached XP level 5. HP: 19/25 MP: 6/10
  1467 | D:2      | Learned a level 3 spell: Confusing Touch
  2062 | D:3      | Slain by a gnoll

Illustrated notes

Levels and vault maps discovered:
D:1:      dpeg_arrival_houses_and_road, layout_basic, glass_columns_c,
          minmay_misc_feat_diagonals
D:2:      minmay_evil_eye, layout_basic, basic_altar, uniq_terence
D:3:      layout_basic, mainiacjoe_overflow_cross_hatched,
          nicolae_yredelemnul_corpse_copse, uniq_natasha

Skill      XL: |  1  2  3  4 |
---------------+-------------+-----
Short Blades   | 1 2 |  2.7
Stealth        | 4 |  4.5
Fighting       | 1 |  1.4
Spellcasting   | 3 |  3.0
Dodging        | |  1.5
Hexes          | |  3.8

Action                   |  1- 3 |  4- 6 || total
-------------------------+-------+-------++-------
Melee: Dagger            |   107 |    88 ||   195
       Bite              |    20 |    19 ||    39
       Punch             |       |     1 ||     1
 Cast: Ensorcelled Hiber |     3 |       ||     3
       Confusing Touch   |       |     1 ||     1
  Use: Potion            |     1 |       ||     1
 Stab: Sleeping          |     4 |     2 ||     6
       Distracted        |     2 |       ||     2
Armor: Robe              |    24 |    16 ||    40
Dodge: Dodged            |    63 |    66 ||   129

Table legend: (Time is in decaauts)
 A = Elapsed time spent in this place.
 B = Non-inter-level travel time spent in this place.
 C = Inter-level travel time spent in this place.
 D = Time resting spent in this place.
 E = Time spent auto-exploring this place.
 F = Levels seen in this place.
 G = Mean time per level.
                   A        B        C        D        E       F      G
               +--------+--------+--------+--------+--------+-----+--------+
         Total |   2043 |   1958 |     85 |     18 |   1490 |   3 |  681.0 |
       Dungeon |   2043 |   1958 |     85 |     18 |   1490 |   3 |  681.0 |
               +--------+--------+--------+--------+--------+-----+--------+

Top non-repeatable levels by time:
     D:1: 978 daAuts
     D:2: 952 daAuts
     D:3: 112 daAuts
